Unix NetHack Version 3.7.0-84 Work-in-progress - last build May 8 2023 02:49:33 (a521f9c9ba282fe1dbcfd9214424a180692735d4,branch:master). Game began 2023-05-14 17:46:07, ended 2023-05-14 20:09:41. spontiff, neutral male gnomish Healer ------ |.((h| -@(q*| |.q@.| ------ Spontiff the Rhizotomist St:11 Dx:11 Co:16 In:9 Wi:14 Ch:16 Neutral S:300 Dlvl:7 $:2 HP:0(20) Pw:6(6) AC:4 Xp:1/0 T:3135 Hungry Latest messages: $ - 101 gold pieces (143 in total). What do you want to drop? [$af-hknoqsvyzSWX or ?*] $ You drop 143 gold pieces. Your debt is paid off. You have established 101 zorkmids credit. The hobbit shoots a rock! You are hit by a rock. Itemized billing? [ynq] (q) n The price is deducted from your credit. You bought a tinning kit for 23 gold pieces. The price is deducted from your credit. You bought a horn for 38 gold pieces. The price is deducted from your credit. You bought a leash for 15 gold pieces. The price is deducted from your credit. You bought 2 tripe rations for 22 gold pieces. "Thank you for shopping in Nosnehpets' hardware store!" Your wallet is empty, but you have 1101 zorkmids stashed away in your pack. You have 3 zorkmids credit at Nosnehpets' hardware store. You don't owe any gold here. Your credit is reduced by 2 zorkmids. $ - 2 gold pieces. Nosnehpets whispers an incantation. You feel more claustrophobic than before. #bah: unknown extended command. What do you want to adjust? [af-hknoqsvyzSWX or ?*] X Adjust letter to what [b-eijlmprtuwxA-RT-VX-Z] (? see used letters)? p Moving: p - 2 tripe rations. What do you want to adjust? [af-hkn-qsvyzSW or ?*] a Adjust letter to what [a-eijlmrtuwxA-RT-VX-Z] (? see used letters)? Z Moving: Z - a horn. What do you want to adjust? [f-hkn-qsvyzSWZ or ?*] W Adjust letter to what [a-eijlmrtuwxA-RT-Y] (? see used letters)? J Moving: J - a tinning kit. What do you want to use or apply? [fkoszJSZ or ?*] f c - an uncursed potion of extra healing. The rothe hits! The rothe bites! The rothe misses! The rothe hits! The rothe bites! The rothe misses! You see here a whistle called tin (for sale, 8 zorkmids). The rothe hits! The rothe bites! The rothe bites again! You die... Nosnehpets gratefully inherits all your possessions. Do you want to see what you had when you died? [ynq] (y) y Do you want to see the dungeon overview? [ynq] (y) y Inventory: Coins $ - 2 gold pieces Armor h - an uncursed +0 dwarvish iron helm (being worn) g - an uncursed +1 pair of leather gloves (being worn) v - an uncursed +0 pair of iron shoes (being worn) q - an uncursed +0 dwarvish cloak (being worn) Comestibles y - an uncursed apple n - an uncursed food ration p - 2 uncursed tripe rations Potions c - an uncursed potion of extra healing Wands S - an uncursed wand of sleep (0:7) Tools f - an uncursed bag of holding containing 23 items Z - an uncursed frost horn (0:4) z - an uncursed leash k - an uncursed lock pick o - an uncursed magic whistle s - an uncursed stethoscope J - an uncursed tinning kit (0:44) Contents of the bag of holding: 1101 gold pieces a cursed +0 dart an uncursed +0 pair of gauntlets of dexterity an uncursed +2 dwarvish roundshield 2 uncursed food rations an uncursed scroll of amnesia an uncursed scroll of enchant armor an uncursed spellbook of dig a blessed spellbook of extra healing a blessed spellbook of healing a blessed spellbook of stone to flesh an uncursed potion of booze an uncursed potion of confusion 3 uncursed potions of extra healing an uncursed potion of fruit juice an uncursed potion of gain energy a blessed potion of invisibility an uncursed drum of earthquake (0:3) an uncursed jasper stone an uncursed worthless piece of black glass an uncursed worthless piece of orange glass 2 uncursed worthless pieces of violet glass 3 uncursed worthless pieces of white glass Spontiff the Healer's attributes: Background: You were a Rhizotomist, a level 1 male gnomish Healer. You were neutral, on a mission for Hermes who was opposed by Athena (lawful) and Poseidon (chaotic). You were in the Gnomish Mines, on level 7. You entered the dungeon 3135 turns ago. You had 0 experience points, 20 were needed to attain level 2. Your score was 300 before end-of-game adjustments. Basics: You had 0 out of 20 hit points. You had all 6 energy points (spell power). Your armor class was 4. Your wallet contained 2 zorkmids, and you had 1101 more stashed away in your pack. Autopickup was on, but temporarily disabled while inside the shop. Final Characteristics: Your strength was 11 (limit:18/50). Your dexterity was 11 (limit:18). Your constitution was 16 (limit:18). Your intelligence was 9 (limit:19). Your wisdom was 14 (limit:18). Your charisma was 16 (limit:18). Final Status: You were hungry. You were unencumbered. You were empty handed. You were unskilled in bare handed combat. Final Attributes: You were devoutly aligned. You were poison resistant. You had infravision. You were warded. You are dead. Miscellaneous: You never encountered a bones level. Total elapsed playing time was 37 minutes and 54 seconds. Major events: Turn 1: spontiff the neutral male gnomish Healer entered the dungeon 1664: entered the Gnomish Mines 3106: reached Mine Town 3135: killed by a rothe Vanquished creatures: 2 gnome leaders a dwarf a homunculus 2 giant bats a wererat an iguana an acid blob 2 coyotes a gas spore a hobgoblin 3 giant rats a yellow mold a green mold 3 red molds 6 gnomes 4 geckos 6 jackals 2 foxes a kobold 4 goblins 4 sewer rats 8 grid bugs 3 lichens a kobold zombie 9 newts 69 creatures vanquished. No species were genocided or became extinct. Voluntary challenges: You never hit with a wielded weapon. You were a pacifist. You were illiterate. You never engraved Elbereth. You never genocided any monsters. You never polymorphed an object. You never changed form. You used no wishes. Achievements: You entered the Gnomish Mines. You entered Minetown. You entered a shop. The Dungeons of Doom: levels 1 to 6 Level 1: Many fountains. Level 2: A fountain. Level 3: Some fountains. Level 4: A fountain. Stairs down to The Gnomish Mines. Level 5: "iron bars" Level 6: A fountain. The Gnomish Mines: levels 5 to 7 Level 5: Level 6: Level 7: <- You were here. A shop. Final resting place for you, killed by a rothe. Game over: ---------- / \ / REST \ / IN \ / PEACE \ / \ | spontiff | | 1103 Au | | killed by a | | rothe | | | | | | 2023 | *| * * * | * _________)/\\_//(\/(/\)/\//\/|_)_______ Goodbye spontiff the Healer... You died in The Gnomish Mines on dungeon level 7 with 300 points, and 1103 pieces of gold, after 3135 moves. You were level 1 with a maximum of 20 hit points when you died.